 Dungeon Crawl Stone Soup version 0.26-a0-597-gb535b0901c (webtiles) character file.

Game seed: 6938657856309358213

7 vurker the Grave Robber (level 2, -1/16 HPs)
             Began as a Tengu Necromancer on Sept 12, 2020.
             Killed from afar by a dart slug (6 damage)
             ... with a slug dart
             ... on level 1 of the Dungeon.
             The game lasted 00:00:44 (726 turns).

vurker the Grave Robber (Tengu Necromancer)          Turns: 726, Time: 00:00:44

Health: -1/16      AC:  2    Str:  8    XL:     2   Next: 4%
Magic:  0/6        EV: 12    Int: 15    God:
Gold:   54         SH:  0    Dex: 14    Spells: 4/5 levels left

rFire    . . .     SeeInvis .   g - +0 short sword
rCold    . . .     Faith    .   (no shield)
rNeg     . . .     Spirit   .   a - +0 robe
rPois    .         Reflect  .   (helmet restricted)
rElec    .         Harm     .   (no cloak)
rCorr    .                      (no gloves)
MR       .....                  (boots unavailable)
Stlth    ++........             (no amulet)
HPRegen  0.05/turn              (no ring)
MPRegen  0.10/turn              (no ring)

@: no status effects
A: beak, talons 3
a: no special abilities


You were on level 1 of the Dungeon.
You visited 1 branch of the dungeon, and saw 1 of its levels.

You collected 54 gold pieces.

Inventory:

Hand Weapons
 g - a +0 short sword (weapon)
   (You took it off a kobold on level 1 of the Dungeon)
Armour
 a - a +0 robe (worn)
Scrolls
 c - a scroll of fog {unknown}
 d - a scroll of identify {unknown}
 e - a scroll of blinking {unknown}
Potions
 b - a potion of haste {unknown}
 f - a potion of brilliance {unknown}


   Skills:
 + Level 0.4 Fighting
 - Level 2.1 Dodging
 - Level 2.0 Stealth
 * Level 2.2 Spellcasting
 * Level 4.5 Necromancy


You had 4 spell levels left.
You knew the following spells:

 Your Spells              Type           Power        Failure   Level
a - Pain                  Necr           ###.         3%          1

Your spell library contained the following spells:

 Spells                   Type           Power        Failure   Level
 Animate Skeleton         Necr           ###...       3%          1
 Vampiric Draining        Necr           ###.......   10%         3
 Animate Dead             Necr           ###.......   32%         4
 Agony                    Necr           ###.....     67%         5


Dungeon Overview and Level Annotations

Branches:
Dungeon (1/15)

Altars:


Innate Abilities, Weirdness & Mutations

You have a beak for a mouth.
You have claws for feet.


Message History

Found a silvery potion.
f - a silvery potion A kobold comes into view.
A kobold is nearby!
A kobold is nearby!
Aim: a kobold, quivering 2 stones (asleep, chance to defeat MR: 85%)
The kobold shouts!
The kobold writhes in agony.
You kill the kobold!
You can't see any susceptible monsters within range! (Use Z to cast anyway.)
Found 3 gold pieces.
You now have 44 gold pieces (gained 3).
Found 10 gold pieces and a scroll labeled WYVOCAVU NAIKE.
You now have 54 gold pieces (gained 10).
A kobold comes into view.
The kobold shouts!
A kobold is nearby!
A kobold is nearby!
A kobold is nearby!
A goblin comes into view. It is wielding a +0 club.
Aim: a kobold, wearing a +0 buckler (chance to defeat MR: 85%)
The kobold barely resists.
The goblin shouts!
Aim: a kobold, wearing a +0 buckler (chance to defeat MR: 85%)
The kobold writhes in agony.
Aim: a kobold, wearing a +0 buckler (moderately wounded, chance to defeat MR: 85%)
The kobold writhes in agony.
A dart slug comes into view.
Aim: a kobold, wearing a +0 buckler (severely wounded, chance to defeat MR: 85%)
The kobold writhes in agony!
You kill the kobold!
You don't have enough magic to cast that spell.
The goblin barely misses you.
You see here a +0 buckler.
You hit the goblin. Your kick misses the goblin.
The goblin hits you with a +0 club.
* * * LOW HITPOINT WARNING * * *
The goblin completely misses you.
Aim: a goblin, wielding a +0 club (moderately wounded, chance to defeat MR: 85%)
The goblin writhes in agony.
You kill the goblin!
You have reached level 2!
The dart slug launches a dart at you. The slug dart misses you.
You see here a +0 club.
The dart slug barely misses you.
You hit the dart slug but do no damage. The dart slug launches a dart at you.
The slug dart hits you.
You die...

##.####.#..#...#.#.
#.####.#..#...#.#.
#.##...#..#.......
#.##...#..#.......
#.##...#(....#...
#.##...#.#...#
#.####...#...#
#)#..........#
#@#.########.# #w#
.# #.# .. #.# ##.
#.# ###.####..#.
#...[.......
######...... .....


You could see a dart slug.

Vanquished Creatures
  2 goblins (D:1)
  A hobgoblin (D:1)
  3 kobolds (D:1)
  2 rats (D:1)
8 creatures vanquished.

Notes
Turn   | Place    | Note
-------+----------+-------------------------------------------
     0 | D:1      | vurker the Tengu Necromancer began the quest for the Orb.
     0 | D:1      | Reached XP level 1. HP: 10/10 MP: 4/4
   722 | D:1      | Reached XP level 2. HP: 6/16 MP: 0/6
   726 | D:1      | Killed from afar by a dart slug

Illustrated notes

Levels and vault maps discovered:
D:1:      dpeg_arrival_arbitrary_a, layout_basic, serial_glass, glass_columns_b,
          glass_columns_a, feat_on_display, minmay_strange_pillars

Action                   || total
-------------------------++-------
Melee: Short sword       ||     2
 Cast: Pain              ||    19
Dodge: Dodged            ||     4

Table legend: (Time is in decaauts)
 A = Elapsed time spent in this place.
 B = Non-inter-level travel time spent in this place.
 C = Inter-level travel time spent in this place.
 D = Time resting spent in this place.
 E = Time spent auto-exploring this place.
 F = Levels seen in this place.
 G = Mean time per level.
                   A        B        C        D        E       F      G
               +--------+--------+--------+--------+--------+-----+--------+
         Total |    725 |    725 |      0 |      0 |    620 |   1 |  725.0 |
       Dungeon |    725 |    725 |      0 |      0 |    620 |   1 |  725.0 |
               +--------+--------+--------+--------+--------+-----+--------+

Top non-repeatable levels by time:
     D:1: 725 daAuts
